 Dungeon Crawl Stone Soup version 0.14.1 (webtiles) character file.

3429 Cowfish the Transmogrifier (level 10, -7/78 HPs)
             Began as a Formicid Transmuter on Apr 28, 2014.
             Was an Elder of Okawaru.
             Splashed by a jelly's acid (13 damage)
             ... on Level 8 of the Dungeon.
             The game lasted 00:55:21 (8338 turns).

Cowfish the Transmogrifier (Formicid Transmuter)    Turns: 8338, Time: 00:55:22

HP  -7/78        AC  5     Str 15      XL: 10   Next: 12%
MP  12/18        EV 10     Int 16      God: Okawaru [****..]
Gold 348         SH  0     Dex 11      Spells:  4 memorised,  0 levels left

rFire  x . .     SeeInvis .       - Unarmed
rCold  + + +     Clarity  .     c - melded +0 robe
rNeg   . . .     Conserve .     (shield currently unavailable)
rPois  +         rCorr    .     (helmet unavailable)
rElec  .         rRot     .     (no cloak)
SustAb . .       Spirit   .     T - melded +0 pair of gloves
rMut   .         Warding  .     (boots currently unavailable)
Saprov . . .     Stasis   +     (no amulet)
MR     +....                    (no ring)
                                (no ring)

@: ice-form, somewhat resistant to hostile enchantments, unstealthy
A: permanent stasis, dig shafts and tunnels, four strong arms, (antennae 0)
a: Dig, Shaft Self, End Transformation, Heroism, Renounce Religion


You were on level 8 of the Dungeon.
You worshipped Okawaru.
Okawaru was greatly pleased with you.
You were very hungry.
You were a creature of crystalline ice.
You visited 1 branch of the dungeon, and saw 8 of its levels.
You also visited: Sewer.

You collected 348 gold pieces.

Inventory:

Hand weapons
 b - a +0,+0 sling
 S - a +1 blowgun
Missiles
 w - 37 darts
 K - a sling bullet of flame
 L - 12 arrows
 O - 4 poisoned needles
 P - 3 darts of dispersal {=f}
 V - a javelin (quivered)
Armour
 c - a +0 robe (melded)
 T - a +0 pair of gloves (melded)
Magical devices
 C - a wand of polymorph (15)
 E - a wand of frost (9)
 I - a wand of slowing (12) {unknown}
 Y - a wand of magic darts (3) {unknown}
Comestibles
 a - 6 bread rations
 x - 3 meat rations
Scrolls
 e - 11 scrolls of identify {unknown}
 f - 4 scrolls of teleportation {unknown}
 k - a scroll of recharging {unknown}
 m - 2 scrolls of noise {unknown}
 n - a scroll of enchant weapon I {unknown}
 p - 3 scrolls of magic mapping {unknown}
 q - 2 scrolls of enchant armour {unknown}
 r - 2 scrolls of fear {unknown}
 t - 2 scrolls of amnesia {unknown}
 u - 4 scrolls of remove curse {unknown}
 B - a scroll of fog {unknown}
 F - 3 scrolls of enchant weapon II {unknown}
Jewellery
 g - a +4 ring of evasion {unknown}
 o - an uncursed ring of teleport control {unknown}
Potions
 h - 7 potions of curing
 i - 4 potions of heal wounds {unknown}
 j - a potion of cure mutation {unknown}
 l - 2 potions of berserk rage {unknown}
 v - a potion of decay {unknown}
 z - 2 potions of agility {unknown}
 A - 2 potions of invisibility {unknown}
 G - 2 potions of restore abilities {unknown}
 H - 3 potions of poison {unknown}
 J - a potion of confusion {unknown}
 N - a potion of resistance {unknown}
 Q - 2 potions of might {unknown}
 R - 2 potions of haste {unknown}
 U - a potion of flight {unknown}
 W - a potion of brilliance {unknown}
 X - a potion of degeneration {unknown}
Books
 d - a book of Changes

   Spells                             Type                      Level
   *Beastly Appendage                 Transmutation                1
   Sticks to Snakes                   Transmutation                2
   *Spider Form                       Transmutation/Poison         3
   *Ice Form                          Ice/Transmutation            4
   *Blade Hands                       Transmutation                5
 s - a book of Fire

   Spells                             Type                      Level
   Fire Brand                         Charms/Fire                  2
   Ignite Poison                      Fire/Transmutation           5
   Fireball                           Conjuration/Fire             5
   Bolt of Fire                       Conjuration/Fire             6
   Delayed Fireball                   Conjuration/Fire             7
   Ring of Flames                     Charms/Fire                  7
Magical staves
 y - an uncursed staff of earth {unknown}
 D - an uncursed staff of air {unknown}


   Skills:
 - Level 1.1 Fighting
 - Level 1.7 Dodging
 + Level 9.4 Unarmed Combat
 - Level 2.1 Spellcasting
 - Level 10.6 Transmutations
 - Level 2.0 Ice Magic
 - Level 2.4 Poison Magic


You couldn't memorise any spells.
You knew the following spells:

 Your Spells              Type           Power        Failure   Level  Hunger
a - Beastly Appendage     Trmt           #####.       1%          1    #......
b - Spider Form           Trmt/Pois      ###.......   4%          3    ####...
c - Ice Form              Ice/Trmt       ###.......   17%         4    #####..
d - Blade Hands           Trmt           #####.....   10%         5    ######.


Dungeon Overview and Level Annotations

Branches:
Dungeon (8/15)             Temple (0/1) D:4
   Lair: D:8-11

Altars:
Ashenzari
Elyvilon
Fedhas
Kikubaaqudgha
Okawaru
Yredelemnul


Innate Abilities, Weirdness & Mutations

Your are under a permanent stasis effect.
You can dig through walls and to a lower floor.
Your four strong arms can wield two-handed weapons with a shield.
((You have a pair of large antennae on your head (SInv).))*


Message History

Okawaru accepts your kill.
Casting: Spider Form
Confirm with . or Enter, or press ? or * to list all spells.
Your transformation has ended.
Your +0 pair of gloves unmelds from your body.
Your +0 robe unmelds from your body.
You turn into a creature of crystalline ice.
Your +0 pair of gloves melds into your body.
Your +0 robe melds into your body.
You fall off the wall.
You hear a slurping noise.
The jelly hits you.
You are splashed with acid!
The acid burns!
* * * LOW HITPOINT WARNING * * *
You pummel the jelly!! You freeze the jelly.
Your paws burn!
* * * LOW HITPOINT WARNING * * *
The jelly is severely wounded.
You hear a slurping noise.
The jelly hits you.
* * * LOW HITPOINT WARNING * * *
You are splashed with acid!
The acid burns!
You die...

........#######..#.
###....## ####.#.# ##.###
#......#### #...#
#.##..#... #...# #.##...#
#...######.##..#
#..............#
###...###.#..#...#
.............#.(I####....
.............#(?(J.......
............##...####....
##..........##.#.#
#.....##......#.#
#.....#########.#
$....... #.# ##......#
#.# ...... #.#


You could see a jelly.

Vanquished Creatures
  A two-headed ogre (D:8)
  A hungry ghost (D:7)
  Edmund (D:4)
  2 orc warriors
  A phantom (D:6)
  An ogre (D:6)
  3 centaurs
  2 giant goldfish (D:6)
  2 sky beasts
  A big kobold (Sewer)
  2 giant frogs (D:6)
  A scorpion (D:7)
  5 killer bees (D:7)
  4 crimson imps
  A hippogriff skeleton (D:8)
  4 hounds
  An orc priest (D:6)
  A jelly (D:7)
  A goliath beetle (D:8)
  4 iguanas
  5 big fish
  6 worker ants
  Ijyb (D:3)
  2 worker ant zombies
  8 gnolls
  2 hound skeletons (D:6)
  11 adders
  2 giant mites (D:3)
  A scorpion zombie (D:5)
  3 shadow imps
  3 green rats
  2 worms (D:5)
  A giant eyeball (D:6)
  4 giant geckos
  An ooze (D:5)
  13 orcs
  12 bats
  11 giant cockroaches
  12 goblins
  11 hobgoblins
  2 quokkas
  2 ball pythons
  5 giant newts
  A giant spore (D:6)
  8 jackals
  A jackal skeleton (D:6)
  A jackal zombie (D:8)
  14 kobolds
  A kobold skeleton (D:6)
  A kobold zombie (D:6)
  18 rats
  5 ballistomycetes (D:6)
209 creatures vanquished.

Vanquished Creatures (others)
  A big fish (D:5)
1 creature vanquished.

Grand Total: 210 creatures vanquished

Notes
Turn   | Place    | Note
--------------------------------------------------------------
     0 | D:1      | Cowfish, the Formicid Transmuter, began the quest for the Orb.
     0 | D:1      | Reached XP level 1. HP: 15/15 MP: 3/3
   478 | D:2      | Reached XP level 2. HP: 16/21 MP: 5/5
  1042 | D:2      | Reached skill level 4 in Unarmed Combat
  1042 | D:2      | Reached XP level 3. HP: 24/26 MP: 5/7
  1056 | D:2      | Learned a level 3 spell: Spider Form
  1246 | D:2      | Found an iron altar of Okawaru.
  1259 | D:2      | Became a worshipper of Warmaster Okawaru
  1263 | D:2      | Reached skill level 1 in Poison Magic
  1687 | D:3      | Noticed Ijyb
  1745 | D:3      | Killed Ijyb
  1745 | D:3      | Reached XP level 4. HP: 7/32 MP: 4/8
  2374 | D:3      | Reached XP level 5. HP: 37/37 MP: 9/11
  2854 | D:3      | Found a blossoming altar of Fedhas.
  3011 | D:4      | Noticed Edmund
  3124 | D:4      | Killed Edmund
  3124 | D:4      | Reached skill level 5 in Transmutations
  3124 | D:4      | Reached XP level 6. HP: 33/43 MP: 4/12
  3195 | D:4      | Found a staircase to the Ecumenical Temple.
  3724 | D:4      | Found a glowing drain.
  3749 | D:4      | Acquired Okawaru's first power
  3751 | D:4      | Reached skill level 5 in Unarmed Combat
  3758 | Sewer    | Entered a sewer
  3770 | Sewer    | Reached XP level 7. HP: 39/48 MP: 11/14
  3811 | Sewer    | Learned a level 4 spell: Ice Form
  3887 | Sewer    | Found a glowing silver altar of Zin.
  4199 | D:5      | Entered Level 5 of the Dungeon
  4199 | D:5      | Found a white marble altar of Elyvilon.
  4235 | D:5      | Reached skill level 6 in Unarmed Combat
  4714 | D:5      | Reached skill level 7 in Unarmed Combat
  4714 | D:5      | Reached XP level 8. HP: 19/54 MP: 14/16
  5282 | D:6      | Reached skill level 8 in Unarmed Combat
  5610 | D:6      | Reached skill level 9 in Unarmed Combat
  5749 | D:6      | Reached skill level 1 in Ice Magic
  5755 | D:6      | Reached XP level 9. HP: 34/59 MP: 15/18
  7770 | D:7      | Reached skill level 10 in Transmutations
  7836 | D:7      | Found an ancient bone altar of Kikubaaqudgha.
  7844 | D:7      | Found a basalt altar of Yredelemnul.
  7845 | D:7      | Found a shattered altar of Ashenzari.
  8022 | D:8      | Reached XP level 10. HP: 62/65 MP: 18/18
  8243 | D:8      | Learned a level 5 spell: Blade Hands
  8338 | D:8      | Splashed by a jelly's acid

Action                   |  1- 3 |  4- 6 |  7- 9 | 10-12 || total
-------------------------+-------+-------+-------+-------++-------
Melee: Unarmed           |   129 |   139 |   383 |    18 ||   669
 Fire: Sling             |       |       |    57 |       ||    57
Throw: Javelin           |    21 |    38 |    31 |     1 ||    91
       Dart              |       |     5 |    44 |     3 ||    52
 Cast: Beastly Appendage |     9 |    13 |    16 |       ||    38
       Spider Form       |     1 |     6 |    20 |     2 ||    29
       Ice Form          |       |       |     6 |     2 ||     8
Invok: Heroism           |       |       |     4 |       ||     4
 Abil: End Transformatio |       |     1 |     2 |       ||     3
Evoke: Wand              |       |       |     5 |       ||     5
  Use: Potion            |       |     1 |       |       ||     1
 Stab: Sleeping          |       |       |     1 |       ||     1
